[Event "Titled Tuesday Blitz February 01 A 2022"]
[White "Kozlov, Gennady"]
[Black "Grandelius, Nils"]
[WhiteFideId "4191668"]
[BlackFideId "1710400"]
[WhiteElo "2593"]
[BlackElo "2879"]
[Result "1/2-1/2"]
[Round "04"]
[TimeControl "180+1"]
[Date "2022.02.01"]
[WhiteClock "0:00:16"]
[BlackClock "0:00:06"]

1. d4 d5 2. c4 e6 3. Nc3 a6 4. e3 Nf6 5. Nf3 dxc4 6. Bxc4 b6 7. O-O Bb7 8. a4 Bb4 9. Bd2 O-O 10. Qb3 Bd6 11. Be2 Nbd7 12. Ne1 c5 13. Bf3 cxd4 14. exd4 Qc7 15. Bxb7 Qxb7 16. Nf3 Rfd8 17. Bg5 h6 18. Bh4 Rdc8 19. Rfe1 Rab8 20. Ne5 b5 21. axb5 axb5 22. Nxf7 Bxh2+ 23. Kxh2 Kxf7 24. Qxe6+ Kg6 25. Re3 Rf8 26. Rg3+ Kh7 27. Qf5+ Kh8 28. Qg6 Rg8 29. Re1 Nf8 30. Qf5 N8h7 31. Re5 b4 32. Ne2 g5 33. Nf4 Qf7 34. Re6 Rbf8 35. Bxg5 Rxg5 36. Rxg5 hxg5 37. Ng6+ Kg7 38. Re7 Nh5 39. Rxf7+ Rxf7 40. Qd3 Rxf2 41. d5 N7f6 42. d6 g4 43. d7 g3+ 44. Kg1 Nxd7 45. Qxd7+ Kxg6 46. Qd6+ Kg5 47. Qxb4 Nf4 48. Qe7+ Kf5 49. Qf7+ Ke4 50. Qb7+ Ke3 51. Qb3+ Nd3 52. Qe6+ Kd2 53. Qg6 Rxg2+ 54. Kxg2 Nf4+ 55. Kxg3 Nxg6 56. b4 Ne7 57. b5 Kc3 58. b6 Nc6 59. b7 Kc4 60. b8=Q Nxb8 1/2-1/2


[Site "https://www.chess.com"]

[Event "Titled Tuesday Blitz February 01 A 2022"]
[White "Kravtsiv, Martyn"]
[Black "Williams, Simon K"]
[WhiteFideId "14113147"]
[BlackFideId "404454"]
[WhiteElo "2694"]
[BlackElo "2468"]
[Result "1-0"]
[Round "04"]
[TimeControl "180+1"]
[Date "2022.02.01"]
[WhiteClock "0:00:03"]
[BlackClock "0:00:06"]

1. e4 c5 2. Nf3 d6 3. Bb5+ Nc6 4. O-O Bd7 5. Re1 a6 6. Bf1 e5 7. c3 g5 8. d4 g4 9. Nfd2 cxd4 10. Nb3 Qf6 11. N1d2 h5 12. Nc4 h4 13. Nb6 g3 14. fxg3 hxg3 15. hxg3 Nh6 16. Nxd7 Kxd7 17. Qf3 Be7 18. cxd4 exd4 19. Qxf6 Bxf6 20. Bf4 Ng4 21. Be2 Nge5 22. Rad1 Rh7 23. Kf2 Rg8 24. Nxd4 Nxd4 25. Rxd4 Ke7 26. Rd2 Rc8 27. Red1 Rc6 28. a4 Rh8 29. b4 Rd8 30. g4 Rc3 31. g5 Bg7 32. b5 axb5 33. axb5 Rd7 34. g3 Rb3 35. Kg2 Rb4 36. Rd4 Rxd4 37. Rxd4 Rc7 38. Rd2 Rc5 39. Ra2 Rc7 40. Bh5 Ng6 41. Rd2 Be5 42. Bxg6 fxg6 43. Bxe5 dxe5 44. Rd5 Ke6 45. Kf3 Rc3+ 46. Kf2 Rb3 47. Rc5 Kd6 48. Rd5+ Ke6 49. Kg2 Rb4 50. Kf3 Rb3+ 51. Kf2 Rb4 52. Ke3 Rb3+ 53. Kf2 Rb4 54. Rd8 Rxe4 55. Rf8 Rb4 56. Rf6+ Kd5 57. b6 Ke4 58. Kg2 Rb2+ 59. Kh3 Kd3 60. Kg4 e4 61. Rd6+ Ke2 62. Rxg6 e3 63. Re6 Rb4+ 64. Kh5 Kf2 65. g6 Rb2 66. g7 Rb5+ 67. Kg6 e2 68. g8=Q Rxb6 69. Qf7+ Kxg3 70. Rxb6 1-0


[Site "https://www.chess.com"]

[Event "Titled Tuesday Blitz February 01 A 2022"]
[White "Le, Tuan Minh"]
[Black "Bluebaum, Matthias"]
[WhiteFideId "12401153"]
[BlackFideId "24651516"]
[WhiteElo "3007"]
[BlackElo "2855"]
[Result "1-0"]
[Round "04"]
[TimeControl "180+1"]
[Date "2022.02.01"]
[WhiteClock "0:00:07"]
[BlackClock "0:00:07"]

1. d4 Nf6 2. Nf3 d5 3. Bg5 Ne4 4. Bf4 c5 5. c3 Nc6 6. e3 Qb6 7. Qc2 Bf5 8. dxc5 Qxc5 9. Bd3 h6 10. Nbd2 Nxd2 11. Nxd2 Bxd3 12. Qxd3 e5 13. Bg3 Be7 14. Rd1 Rd8 15. O-O O-O 16. Qf5 g6 17. Qf3 f5 18. h3 Bf6 19. Nb3 Qb5 20. Rd2 Rd7 21. Qd1 Rfd8 22. Qc2 Qc4 23. Rfd1 Kg7 24. Nc1 d4 25. exd4 exd4 26. Qb3 b5 27. Ne2 d3 28. Nf4 Rd6 29. Qa3 Be7 30. Qa6 Nd4 31. Qb7 R8d7 32. Qa8 Ne2+ 33. Nxe2 dxe2 34. Bxd6 exd1=Q+ 35. Rxd1 Bxd6 36. Re1 Qf4 37. g3 Qd2 38. Re8 Qd1+ 39. Kh2 Bc5 40. Rg8+ Kf6 41. Qc6+ Qd6 42. Qc8 Qd2 43. Qc6+ Qd6 44. Qc8 Bxf2 45. Rf8+ Ke5 46. Re8+ Kd5 47. Qa8+ Kc4 48. Qf3 Bxg3+ 49. Kh1 Qd1+ 50. Kg2 Qxf3+ 51. Kxf3 Bd6 52. Re6 Kd3 53. Rxg6 f4 54. Rxh6 Bc7 55. Rc6 Re7 56. Kf2 Re3 57. Rxc7 Rxh3 58. Rxa7 Rh2+ 59. Kf3 Rxb2 60. Kxf4 Kxc3 61. Ke3 b4 62. Rc7# 1-0


[Site "https://www.chess.com"]

[Event "Titled Tuesday Blitz February 01 A 2022"]
[White "Makarian, Rudik"]
[Black "Vasquez Schroeder, Rodrigo"]
[WhiteFideId "44105681"]
[BlackFideId "3400042"]
[WhiteElo "2908"]
[BlackElo "2828"]
[Result "0-1"]
[Round "04"]
[TimeControl "180+1"]
[Date "2022.02.01"]
[WhiteClock "0:00:01"]
[BlackClock "0:01:13"]

1. d3 d5 2. f4 g6 3. Nf3 Bg7 4. g3 c6 5. Bg2 Nh6 6. c3 Qb6 7. d4 Nf5 8. O-O Nd7 9. Ne5 Nxe5 10. fxe5 Bxe5 11. e4 dxe4 12. Bxe4 Bg7 13. Kh1 O-O 14. Qe2 Qd8 15. Na3 e6 16. Nc4 Ne7 17. Bg5 h6 18. Bd2 Nd5 19. Rae1 b6 20. Ne5 Qc7 21. c4 Ne7 22. Bf4 g5 23. Nxc6 gxf4 24. Nxe7+ Qxe7 25. Bxa8 fxg3 26. hxg3 Bxd4 27. Bg2 Qg5 28. Bh3 Qxg3 29. Qg4+ Qxg4 30. Bxg4 Bxb2 31. Kh2 Kg7 32. Bh5 Bf6 33. Rd1 Bg5 34. Rd6 f5 35. Kg2 Kf6 36. Re1 Bf4 37. Rd3 Rg8+ 38. Kf1 Ba6 39. Be2 Bxc4 40. Rf3 Bxe2+ 41. Rxe2 e5 42. Ra3 Rg7 43. Rc3 Bg3 44. Rc6+ Kg5 45. Kg2 Kf4 46. Kh3 e4 47. Rxh6 Kf3 48. Rg2 f4 49. Rh5 e3 50. Rh6 e2 51. Re6 Rh7+ 0-1


[Site "https://www.chess.com"]

[Event "Titled Tuesday Blitz February 01 A 2022"]
[White "Martinez Alcantara, Jose Eduardo"]
[Black "Blohberger, Felix"]
[WhiteFideId "3805662"]
[BlackFideId "1632051"]
[WhiteElo "2986"]
[BlackElo "2720"]
[Result "1-0"]
[Round "04"]
[TimeControl "180+1"]
[Date "2022.02.01"]
[WhiteClock "0:00:16"]
[BlackClock "0:00:02"]

1. e4 c6 2. d4 d5 3. e5 Bf5 4. h4 h5 5. Bd3 Bxd3 6. Qxd3 Qa5+ 7. b4 Qa6 8. e6 Qxd3 9. cxd3 fxe6 10. Nf3 Nd7 11. Nc3 Nh6 12. Ne2 Nf5 13. Rb1 Rc8 14. O-O Rg8 15. Nf4 Nxh4 16. Ng5 e5 17. Nfe6 Nf5 18. dxe5 Nxe5 19. Bb2 Nf7 20. Nh7 Kd7 21. Rfe1 g6 22. Nc5+ Kc7 23. Nxf8 Rgxf8 24. Ne6+ Kd7 25. Nc5+ Kc7 26. Ne6+ Kd7 27. Nxf8+ Rxf8 28. a4 Rc8 29. Re2 N7d6 30. Rbe1 Rg8 31. Be5 Nf7 32. Bb2 N7d6 33. Re5 a6 34. Bc1 Nf7 35. Re6 Nd8 36. R6e2 Nf7 37. f3 Re8 38. g4 Nd4 39. Rf2 e5 40. Be3 Ne6 41. gxh5 gxh5 42. Rg2 Rh8 43. Kh2 h4 44. Reg1 Rh5 45. Rg4 Rf5 46. Rf1 Rh5 47. b5 axb5 48. axb5 c5 49. Ra1 Rf5 50. Kg2 Nfg5 51. Bxg5 Nxg5 52. Rxh4 Rxf3 53. Rh5 Rf5 54. Ra8 Kc7 55. Rg8 Kb6 56. Rgxg5 Rxg5+ 57. Rxg5 d4 58. Rxe5 Kxb5 59. Kf3 Kb4 60. Ke4 b5 61. Rd5 c4 62. Kxd4 c3 63. Rc5 1-0


[Site "https://www.chess.com"]

[Event "Titled Tuesday Blitz February 01 A 2022"]
[White "Mladenovic, Stefan"]
[Black "Molina, Roberto Junio Brito"]
[WhiteFideId "942227"]
[BlackFideId "2109450"]
[WhiteElo "2592"]
[BlackElo "2760"]
[Result "1-0"]
[Round "04"]
[TimeControl "180+1"]
[Date "2022.02.01"]
[WhiteClock "0:00:09"]
[BlackClock "0:00:01"]

1. d4 d5 2. c4 c6 3. Nf3 Nf6 4. e3 Bf5 5. Nc3 e6 6. Nh4 Be4 7. f3 Bg6 8. Qb3 Qb6 9. g3 Nbd7 10. Bd2 Be7 11. Nxg6 hxg6 12. Bg2 Rc8 13. O-O-O Qxb3 14. axb3 a6 15. e4 dxe4 16. fxe4 e5 17. d5 Nc5 18. Kc2 O-O 19. Bf3 Rfd8 20. Be3 Bf8 21. Rd2 Ncd7 22. Rhd1 c5 23. Bg5 Bd6 24. h4 Re8 25. Rh2 Nh7 26. Be3 Ndf8 27. h5 g5 28. Bg4 Rc7 29. Na4 Nf6 30. Bf3 Kh7 31. Bxg5 N8d7 32. Be3 b5 33. Nc3 Rb8 34. g4 Rcb7 35. Rb1 Ne8 36. g5 Be7 37. Bg4 Nd6 38. cxb5 axb5 39. g6+ Kg8 40. gxf7+ Kxf7 41. Be6+ Ke8 42. Rg1 b4 43. Na4 c4 44. Rxg7 cxb3+ 45. Kxb3 Nxe4 46. h6 Bf8 47. Rg8 Ke7 48. h7 Ndf6 49. h8=Q Nxg8 50. Qxg8 Kd6 51. Qg4 Be7 52. Qxe4 1-0


[Site "https://www.chess.com"]

[Event "Titled Tuesday Blitz February 01 A 2022"]
[White "Pranav, V"]
[Black "Nakamura, Hikaru"]
[WhiteFideId "25060783"]
[BlackFideId "2016192"]
[WhiteElo "2875"]
[BlackElo "3217"]
[Result "0-1"]
[Round "04"]
[TimeControl "180+1"]
[Date "2022.02.01"]
[WhiteClock "0:00:02"]
[BlackClock "0:00:47"]

1. e4 c6 2. d4 d5 3. e5 Bf5 4. Nf3 e6 5. Be2 h6 6. O-O Nd7 7. c3 Ne7 8. Na3 g5 9. Nc2 Bg6 10. Nfe1 c5 11. f4 gxf4 12. Bxf4 Qb6 13. Bd3 Bg7 14. Be3 cxd4 15. cxd4 Rc8 16. Bxg6 fxg6 17. Nd3 Nf5 18. Bf2 O-O 19. Qd2 Kh7 20. b3 h5 21. Rae1 Bh6 22. Qd1 Rc3 23. Nc5 Nxc5 24. dxc5 Qa6 25. Nb4 Qb5 26. Nc2 Qa6 27. Re2 Rc8 28. Qb1 Qxe2 0-1


[Site "https://www.chess.com"]

[Event "Titled Tuesday Blitz February 01 A 2022"]
[White "Pranesh M"]
[Black "Sviridov, Valery"]
[WhiteFideId "35028600"]
[BlackFideId "4120680"]
[WhiteElo "2851"]
[BlackElo "2986"]
[Result "1/2-1/2"]
[Round "04"]
[TimeControl "180+1"]
[Date "2022.02.01"]
[WhiteClock "0:03:03"]
[BlackClock "0:02:42"]

1. e4 e5 2. Nf3 Nc6 3. d4 exd4 4. Bc4 Nf6 5. O-O Nxe4 6. Re1 d5 7. Bxd5 Qxd5 8. Nc3 Qh5 9. Nxe4 Be6 10. Bg5 Bd6 11. Nxd6+ cxd6 12. Bf4 Qd5 13. c3 O-O 14. Nxd4 Nxd4 15. Qxd4 Qxd4 16. cxd4 d5 17. Rac1 Rfc8 18. Rxc8+ Rxc8 19. Rc1 Rxc1+ 20. Bxc1 f6 21. f3 Kf7 22. Kf2 g5 23. Kg3 Kg6 24. h4 h6 25. Be3 a6 26. Bd2 Bd7 27. a3 Be6 28. Be3 Bd7 1/2-1/2


[Site "https://www.chess.com"]

[Event "Titled Tuesday Blitz February 01 A 2022"]
[White "Quintiliano Pinto, Renato R."]
[Black "Paravyan, David"]
[WhiteFideId "2117568"]
[BlackFideId "4194985"]
[WhiteElo "2749"]
[BlackElo "3014"]
[Result "0-1"]
[Round "04"]
[TimeControl "180+1"]
[Date "2022.02.01"]
[WhiteClock "0:00:08"]
[BlackClock "0:01:01"]

1. Nf3 Nf6 2. c4 g6 3. g3 c6 4. Bg2 Bg7 5. O-O O-O 6. b3 Ne4 7. d4 d5 8. Bb2 Bf5 9. Nc3 Nxc3 10. Bxc3 Be4 11. e3 e6 12. Qe2 Nd7 13. Rfd1 Qe7 14. a4 Nf6 15. a5 a6 16. Qe1 Rfe8 17. Ne5 Bxg2 18. Kxg2 Nd7 19. Bb4 Qd8 20. Nf3 Nf6 21. Qe2 Rc8 22. Rdc1 Ne4 23. Be1 Qe7 24. b4 Nd6 25. c5 Ne4 26. Bc3 Nxc3 27. Rxc3 e5 28. dxe5 Bxe5 29. Nxe5 Qxe5 30. Qd3 Qe4+ 31. Qxe4 Rxe4 32. Rb1 Rce8 33. Kf3 f5 34. Rd3 Rc4 35. Rd4 Re4 36. Rxc4 Rxc4 37. Rb2 Kf7 38. Ke2 Kf6 39. Kd3 Kg5 40. f3 Kf6 41. Rb1 g5 42. Rb2 h5 43. Rb1 h4 44. gxh4 Rxh4 45. Rb2 Ke5 46. Rg2 Kf6 47. Rb2 Kf7 48. Kc3 Kg6 49. Kd3 Kf6 50. Kc3 Kf7 51. Kd3 Ke6 52. Kc3 Rh3 53. Rf2 Ke5 54. Kd3 f4 55. Ke2 fxe3 56. Kxe3 g4 57. Ke2 gxf3+ 58. Ke3 d4+ 0-1


[Site "https://www.chess.com"]

[Event "Titled Tuesday Blitz February 01 A 2022"]
[White "Sadhwani, Raunak"]
[Black "Lovkov, Roman"]
[WhiteFideId "35093487"]
[BlackFideId "4157389"]
[WhiteElo "2986"]
[BlackElo "2670"]
[Result "1-0"]
[Round "04"]
[TimeControl "180+1"]
[Date "2022.02.01"]
[WhiteClock "0:00:26"]
[BlackClock "0:00:02"]

1. d4 d5 2. Nf3 e6 3. Bf4 c5 4. e3 Nc6 5. c3 Bd6 6. Bg3 Nf6 7. Nbd2 O-O 8. Bd3 b6 9. e4 Be7 10. e5 Nh5 11. Ng5 Bxg5 12. Qxh5 g6 13. Qe2 cxd4 14. h4 Bh6 15. h5 dxc3 16. bxc3 g5 17. Nf3 f5 18. exf6 Qxf6 19. O-O Bg7 20. Rad1 Bd7 21. c4 Rae8 22. Bb1 d4 23. Nd2 e5 24. Ne4 Qh6 25. c5 g4 26. Rc1 Kh8 27. Nd6 Re7 28. Bh4 Re6 29. Bf5 Rxd6 30. cxd6 Rxf5 31. Qxg4 Rxh5 32. Qxd7 Rxh4 33. g3 Rh1+ 34. Kg2 Rh2+ 35. Kf3 e4+ 36. Kxe4 Qg6+ 37. Kd5 Nb4+ 38. Kc4 Qd3+ 39. Kxb4 Qd2+ 40. Kb5 Rh5+ 41. Kc6 Bf8 42. Qe8 Rf5 43. d7 Qa5 44. d8=Q 1-0


[Site "https://www.chess.com"]

[Event "Titled Tuesday Blitz February 01 A 2022"]
[White "Santos Ruiz, Miguel"]
[Black "Sjugirov, Sanan"]
[WhiteFideId "22291482"]
[BlackFideId "4189302"]
[WhiteElo "2721"]
[BlackElo "2988"]
[Result "1-0"]
[Round "04"]
[TimeControl "180+1"]
[Date "2022.02.01"]
[WhiteClock "0:00:13"]
[BlackClock "0:00:03"]

1. e4 c5 2. Nf3 d6 3. d4 cxd4 4. Nxd4 Nf6 5. Nc3 a6 6. Be2 e5 7. Nb3 Be7 8. Be3 Be6 9. Nd5 Nbd7 10. Qd3 Bxd5 11. exd5 Rc8 12. c4 O-O 13. O-O Ne8 14. a4 g6 15. a5 Bg5 16. Qc3 Ng7 17. Rfd1 Bxe3 18. Qxe3 f5 19. Nd2 e4 20. Qd4 Re8 21. b4 Qe7 22. Rac1 h5 23. Nb3 f4 24. c5 Nf5 25. Qb2 f3 26. gxf3 exf3 27. Bf1 Ne5 28. Qd2 Qh4 29. cxd6 Nxd6 30. Rxc8 Rxc8 31. Nd4 Rf8 32. h3 Qf6 33. Ne6 Rc8 34. Rc1 Rxc1 35. Qxc1 Nef7 36. Qe3 g5 37. Bd3 g4 38. Qa7 Qa1+ 39. Bf1 gxh3 40. Qb8+ Kh7 41. Qf8 Qe5 42. Bd3+ Ne4 43. Bxe4+ 1-0


[Site "https://www.chess.com"]

[Event "Titled Tuesday Blitz February 01 A 2022"]
[White "Sarana, Alexey"]
[Black "Nogerbek, Kazybek"]
[WhiteFideId "24133795"]
[BlackFideId "13710427"]
[WhiteElo "3098"]
[BlackElo "2866"]
[Result "1-0"]
[Round "04"]
[TimeControl "180+1"]
[Date "2022.02.01"]
[WhiteClock "0:02:31"]
[BlackClock "0:01:16"]

1. d4 Nf6 2. c4 e6 3. Nc3 Bb4 4. e3 O-O 5. Bd3 d5 6. a3 Bxc3+ 7. bxc3 c5 8. cxd5 exd5 9. Ne2 b6 10. f3 Ba6 11. O-O Bxd3 12. Qxd3 Nc6 13. Ng3 Re8 14. Bb2 h5 15. e4 h4 16. Nf5 dxe4 17. fxe4 Rxe4 18. Nxg7 Kxg7 19. Rxf6 Qxf6 20. Qxe4 Rd8 21. d5 Na5 22. Rf1 Qg5 23. c4+ Kg8 24. Bf6 1-0


[Site "https://www.chess.com"]

[Event "Titled Tuesday Blitz February 01 A 2022"]
[White "Sasikiran, Krishnan"]
[Black "Kosakowski, Jakub"]
[WhiteFideId "5004985"]
[BlackFideId "1185080"]
[WhiteElo "2882"]
[BlackElo "2754"]
[Result "0-1"]
[Round "04"]
[TimeControl "180+1"]
[Date "2022.02.01"]
[WhiteClock "0:00:03"]
[BlackClock "0:00:13"]

1. d4 d6 2. e4 Nf6 3. f3 g6 4. c4 Bg7 5. Nc3 O-O 6. Bg5 Nc6 7. Nge2 a6 8. Qd2 Na5 9. Nc1 Nd7 10. Nb3 Nxb3 11. axb3 c5 12. d5 Rb8 13. Be2 b5 14. cxb5 axb5 15. Nxb5 Ne5 16. f4 Ng4 17. Bc4 Bd7 18. Nc3 Bd4 19. f5 f6 20. Bf4 gxf5 21. exf5 Bxf5 22. h3 Ne5 23. Bxe5 fxe5 24. Ne2 Bg6 25. Nxd4 cxd4 26. Rf1 Qb6 27. Ra6 Qc5 28. Rc6 Qa7 29. Ra6 Qc5 30. Rc6 Rxf1+ 31. Kxf1 Qa7 32. Ra6 Qd7 33. Kg1 Rf8 34. Ra1 Qc7 35. Ra6 d3 36. Bxd3 Qc5+ 37. Kh2 Qd4 38. Ra7 Qxd3 39. Qg5 Rf7 40. Qh6 Qxd5 41. Rd7 Qa8 42. b4 Qf8 43. Qg5 Qe8 44. Rc7 Kg7 45. b5 h6 46. Qh4 Qxb5 47. Rxe7 Qxb2 48. Rxf7+ Bxf7 49. Qg4+ Kf6 50. Qh4+ Kf5 51. Qg4+ Kf6 52. Qh4+ Ke6 53. Qg4+ Ke7 54. Qh4+ Ke8 55. Qxh6 Qd4 56. Qf6 Qf4+ 57. Qxf4 exf4 58. Kg1 Ke7 59. Kf2 Kf6 60. Kf3 Ke5 61. g3 fxg3 62. Kxg3 Ke4 0-1


[Site "https://www.chess.com"]

[Event "Titled Tuesday Blitz February 01 A 2022"]
[White "Senthil Maran K"]
[Black "Dubov, Daniil"]
[WhiteFideId "25035681"]
[BlackFideId "24126055"]
[WhiteElo "2675"]
[BlackElo "3068"]
[Result "0-1"]
[Round "04"]
[TimeControl "180+1"]
[Date "2022.02.01"]
[WhiteClock "0:00:01"]
[BlackClock "0:01:24"]

1. d4 Nf6 2. Nf3 g6 3. g3 Bg7 4. Bg2 O-O 5. O-O b6 6. c4 Bb7 7. d5 Na6 8. Nc3 Nc5 9. Nd4 e5 10. Nb3 d6 11. Nxc5 bxc5 12. a3 a5 13. Nb5 Bc8 14. a4 Ng4 15. h3 Nh6 16. e4 f5 17. f4 exf4 18. Bxf4 fxe4 19. Qe2 Nf5 20. g4 Nd4 21. Qxe4 Re8 22. Qd3 Ne2+ 23. Kh1 Nxf4 24. Rxf4 Be5 25. Rf3 Bd7 26. Raf1 Bxb5 27. cxb5 Qe7 28. h4 Qxh4+ 29. Bh3 Rf8 30. Kg2 Bxb2 31. Rxf8+ Rxf8 32. Rxf8+ Kxf8 33. b6 cxb6 34. Qa6 Bd4 35. Qc8+ Kg7 36. Qd7+ Kh6 37. g5+ Qxg5+ 38. Kf1 Qf4+ 39. Ke2 Qe3+ 40. Kd1 Bc3 41. Kc2 c4 42. Qg4 Qd2+ 0-1


[Site "https://www.chess.com"]

[Event "Titled Tuesday Blitz February 01 A 2022"]
[White "Shimanov, Aleksandr"]
[Black "Yang, Kaiqi"]
[WhiteFideId "4198603"]
[BlackFideId "8604398"]
[WhiteElo "2849"]
[BlackElo "2597"]
[Result "1-0"]
[Round "04"]
[TimeControl "180+1"]
[Date "2022.02.01"]
[WhiteClock "0:00:23"]
[BlackClock "0:00:03"]

1. b3 e5 2. Bb2 Nc6 3. c4 Nf6 4. Nf3 e4 5. Nd4 Bc5 6. Nf5 g6 7. Ng3 O-O 8. e3 Re8 9. Nc3 h5 10. Qb1 d5 11. cxd5 Nb4 12. a3 Nbxd5 13. Nxd5 Nxd5 14. Nxe4 Bf5 15. Bd3 Nf4 16. exf4 Bxe4 17. Bxe4 f5 18. O-O Rxe4 19. Qc2 Qd6 20. Be5 Qd5 21. d3 Rxe5 22. fxe5 Bd4 23. Rae1 c5 24. Qc4 Qxc4 25. dxc4 Kf7 26. e6+ Ke7 27. g3 Rd8 28. Kg2 Rd6 29. f4 Ra6 30. a4 Rb6 31. Rf3 Rc6 32. h3 Rc8 33. Rd3 a5 34. Kf3 Rh8 35. Re2 b6 36. Rd1 Rh7 37. Rh1 Rh8 38. Kg2 Rh7 39. g4 hxg4 40. hxg4 Rxh1 41. Kxh1 fxg4 42. Kg2 Bf6 43. Kg3 g5 44. f5 Bd4 45. Kxg4 Kf6 46. e7 1-0


[Site "https://www.chess.com"]

[Event "Titled Tuesday Blitz February 01 A 2022"]
[White "Starozhilov, Leonid"]
[Black "Nesterov, Arseniy"]
[WhiteFideId "14106752"]
[BlackFideId "24198455"]
[WhiteElo "2414"]
[BlackElo "2489"]
[Result "0-1"]
[Round "04"]
[TimeControl "180+1"]
[Date "2022.02.01"]
[WhiteClock "0:00:02"]
[BlackClock "0:01:22"]

1. e4 e5 2. Nf3 Nc6 3. Bb5 a6 4. Ba4 b5 5. Bb3 Na5 6. d3 d6 7. h3 Bb7 8. O-O Nf6 9. Nbd2 Be7 10. c3 Nxb3 11. axb3 O-O 12. Qe2 Nd7 13. b4 f5 14. Re1 fxe4 15. dxe4 Qe8 16. Nf1 Qg6 17. Ng3 Rf7 18. Nf5 Raf8 19. g4 Bd8 20. N3h4 Qe6 21. f3 Kh8 22. Ng2 d5 23. exd5 Bxd5 24. Nge3 Bb7 25. Rf1 g6 0-1


[Site "https://www.chess.com"]

[Event "Titled Tuesday Blitz February 01 A 2022"]
[White "Sychev, Klementy"]
[Black "Lin, Dachey"]
[WhiteFideId "4114060"]
[BlackFideId "2029650"]
[WhiteElo "2564"]
[BlackElo "2667"]
[Result "1/2-1/2"]
[Round "04"]
[TimeControl "180+1"]
[Date "2022.02.01"]
[WhiteClock "0:00:06"]
[BlackClock "0:00:08"]

1. d4 g6 2. e4 Bg7 3. Nf3 c6 4. c3 d5 5. Nbd2 dxe4 6. Nxe4 Nf6 7. Nxf6+ Bxf6 8. Bh6 Qa5 9. Qd2 Bg4 10. Be2 Nd7 11. O-O O-O-O 12. b4 Qh5 13. h3 Bxh3 14. Nh2 Qh4 15. gxh3 g5 16. Ng4 Rhg8 17. Bd3 Qxh3 18. f3 Qg3+ 19. Qg2 Qc7 20. a4 Kb8 21. Rad1 e6 22. Qh2 Be7 23. Qxc7+ Kxc7 24. Kg2 f5 25. Ne3 Rg6 26. Rh1 Bd6 27. b5 Bf4 28. Kf2 Nf6 29. Nc4 cxb5 30. axb5 Ng8 31. Bf8 Rxf8 32. Rxh7+ Kb8 33. Na5 Bc7 34. b6 axb6 35. Nc4 Nf6 36. Rhh1 g4 37. Ne3 Bf4 38. Ng2 Nd5 39. c4 gxf3 40. Nh4 Bg3+ 41. Kxf3 Bxh4 42. cxd5 Rg3+ 43. Ke2 Rg2+ 44. Ke3 Rg3+ 45. Ke2 Rg2+ 46. Ke3 Bg5+ 47. Kf3 Rg4 48. dxe6 Rf4+ 49. Ke2 Rxd4 50. Rh7 Re8 51. Kf3 Rxe6 52. Bc2 Rxd1 53. Bxd1 Re3+ 54. Kf2 Rd3 55. Bf3 Be3+ 56. Ke2 Rc3 57. Rxb7+ Kc8 58. Rf7 f4 59. Be4 Rc5 60. Bd3 Rc7 61. Rf6 Kb7 62. Be4+ Ka6 63. Bd3+ Ka5 64. Rf5+ Ka4 65. Rf6 Rc3 66. Rf7 Ra3 67. Rb7 Kb4 68. Rc7 Ra2+ 69. Kf3 Rf2+ 70. Ke4 Rd2 71. Rc4+ Kb3 72. Rc6 Ka4 73. Rc8 Rf2 74. Rc6 Bc5 75. Rf6 Kb4 76. Rxf4 Rxf4+ 77. Kxf4 Kc3 78. Bb5 Kb4 79. Be8 b5 80. Bxb5 1/2-1/2


[Site "https://www.chess.com"]

[Event "Titled Tuesday Blitz February 01 A 2022"]
[White "Tabatabaei, M. Amin"]
[Black "Brodowski, Piotr"]
[WhiteFideId "12521213"]
[BlackFideId "1124480"]
[WhiteElo "2934"]
[BlackElo "2668"]
[Result "0-1"]
[Round "04"]
[TimeControl "180+1"]
[Date "2022.02.01"]
[WhiteClock "0:00:48"]
[BlackClock "0:00:24"]

1. d4 c5 2. d5 d6 3. Nc3 Nf6 4. e4 g6 5. Nf3 Bg7 6. Nd2 O-O 7. Be2 Na6 8. O-O Nc7 9. a4 b6 10. Nc4 Bb7 11. Bf4 Qd7 12. Qd2 Rad8 13. h3 Rfe8 14. Rfe1 e5 15. Bg5 Rb8 16. Bf1 Qe7 17. Nb5 Nxb5 18. axb5 Bc8 19. Ra3 Rb7 20. Rf3 Bd7 21. Na3 Rc7 22. Bd3 Rec8 23. Nc4 Bxb5 24. Nxb6 axb6 25. Bxb5 c4 26. Bc6 Rxc6 27. dxc6 Rxc6 28. Qe3 Qe6 29. Bxf6 Bxf6 30. Rd1 Be7 31. Qa3 Qc8 32. Qa7 Kf8 33. Rd5 c3 34. b3 h5 35. Rxc3 Rxc3 36. Qxb6 Rxc2 37. g3 Qxh3 38. Qe3 Qc8 39. b4 h4 40. b5 hxg3 41. Qxg3 Rb2 42. Kg2 Kg7 43. Kg1 Qc1+ 44. Kg2 Qc2 45. Qf3 Bh4 46. Rxd6 Qxf2+ 47. Qxf2 Bxf2 48. Rd5 Bd4+ 49. Kf3 Kf6 50. Kg4 Rg2+ 51. Kf3 Rf2+ 52. Kg3 Re2 53. b6 Rb2 54. Kg4 Rxb6 55. Rd7 Kg7 56. Kg5 Rf6 57. Rb7 Be3+ 58. Kg4 Rf4+ 59. Kg3 Bf2+ 60. Kg2 Bh4 61. Rb4 Be7 62. Rc4 Ba3 63. Kg3 Bb2 64. Ra4 Bd4 65. Rxd4 exd4 66. Kxf4 Kf6 67. e5+ Ke6 68. Ke4 d3 0-1


[Site "https://www.chess.com"]

[Event "Titled Tuesday Blitz February 01 A 2022"]
[White "Tari, Aryan"]
[Black "Bacrot, Etienne"]
[WhiteFideId "1510045"]
[BlackFideId "605506"]
[WhiteElo "2944"]
[BlackElo "2840"]
[Result "1/2-1/2"]
[Round "04"]
[TimeControl "180+1"]
[Date "2022.02.01"]
[WhiteClock "0:00:11"]
[BlackClock "0:00:33"]

1. e4 c5 2. Nc3 Nc6 3. f4 g6 4. Nf3 Bg7 5. Bb5 Nd4 6. O-O Nxb5 7. Nxb5 a6 8. Nc3 b5 9. d3 Bb7 10. Qe1 d6 11. f5 Nf6 12. Qh4 h6 13. fxg6 fxg6 14. e5 dxe5 15. Nxe5 g5 16. Qg3 Qd4+ 17. Be3 Qd6 18. Rae1 O-O 19. Ng6 Rf7 20. Bf2 Nh5 21. Nxe7+ Qxe7 22. Rxe7 Nxg3 23. Rxf7 Kxf7 24. hxg3 Ke6 25. Bxc5 Rc8 26. Bb4 Be5 27. Re1 Kf5 28. g4+ Kf6 29. Be7+ Kxe7 30. Rxe5+ Kf6 31. Re2 b4 32. Ne4+ Bxe4 33. Rxe4 Rxc2 34. Rxb4 Rd2 35. d4 a5 36. Rb6+ Kf7 37. Rb5 a4 38. Rb4 a3 39. bxa3 Rxa2 40. a4 Ke6 41. Rb6+ Kd5 42. Rxh6 Rxa4 43. Rg6 Rxd4 44. Rxg5+ Ke6 45. Rf5 Rxg4 46. Rf3 Ke7 47. Kh2 Rg8 48. Kh3 Rh8+ 49. Kg3 Rg8+ 50. Kf2 Rh8 51. g4 Rf8 52. Kg3 Rxf3+ 53. Kxf3 Kf7 54. Kf4 Kf6 55. g5+ Kg6 56. Kg4 Kg7 57. Kf5 Kf7 58. g6+ Kg7 59. Kg5 Kg8 60. Kf6 Kf8 61. g7+ Kg8 62. Ke7 Kxg7 1/2-1/2


[Site "https://www.chess.com"]

[Event "Titled Tuesday Blitz February 01 A 2022"]
[White "Terry, Renato"]
[Black "Grischuk, Alexander"]
[WhiteFideId "3803457"]
[BlackFideId "4126025"]
[WhiteElo "2742"]
[BlackElo "3042"]
[Result "1/2-1/2"]
[Round "04"]
[TimeControl "180+1"]
[Date "2022.02.01"]
[WhiteClock "0:00:05"]
[BlackClock "0:00:56"]

1. d4 Nf6 2. Bg5 d5 3. Bxf6 exf6 4. e3 c5 5. c3 Nc6 6. Nf3 Be6 7. Nbd2 Bd6 8. dxc5 Bxc5 9. Be2 O-O 10. O-O f5 11. Nb3 Bb6 12. Nbd4 Qf6 13. Qd2 Rad8 14. Rad1 Bc8 15. Rfe1 g5 16. g3 Ne7 17. Bd3 Ng6 18. Qc2 f4 19. exf4 gxf4 20. Bf5 fxg3 21. hxg3 Rfe8 22. Bxc8 Rxc8 23. Qf5 Rxe1+ 24. Rxe1 Qxf5 25. Nxf5 Bc5 26. Ng5 Bf8 27. Kg2 b5 28. Rd1 Rc5 29. Nf3 a5 30. Ne3 Ne7 31. Ne5 b4 32. Nd7 Rc6 33. Nxf8 Kxf8 34. cxb4 axb4 35. Nxd5 Nxd5 36. Rxd5 Rc2 37. b3 Rxa2 38. Rb5 Rb2 39. Rxb4 h5 40. Rb6 Kg7 41. Kf3 f6 42. Ke3 Kg6 43. f3 Kg5 44. Rb5+ f5 45. Rb8 Rb1 46. Rg8+ Kf6 47. Rb8 Kg5 48. Rb6 Re1+ 49. Kf2 Rb1 50. Rb8 Rb2+ 51. Ke3 Rb1 1/2-1/2


[Site "https://www.chess.com"]